 Dungeon Crawl Stone Soup version 0.29-a0-234-g0dae59b3db (webtiles) character file.

Game seed: 285964772463111636

122 testman the Skirmisher (level 4, -2/38 HPs)
             Began as a Demonspawn Gladiator on Mar 3, 2022.
             Slain by a gnoll
             ... wielding a +0 flail
              (10 damage)
             ... on level 3 of the Dungeon.
             The game lasted 00:07:32 (2928 turns).

testman the Skirmisher (Demonspawn Gladiator)       Turns: 2928, Time: 00:07:34

Health: -2/38      AC:  9    Str: 16    XL:     4   Next: 78%
Magic:  14/14      EV: 12    Int:  9    God:
Gold:   123        SH:  0    Dex: 15    Spells: 5/5 levels left

rFire   . . .      SeeInvis .   a - +0 trident
rCold   . . .      Faith    .   (no shield)
rNeg    + . .      Spirit   .   b - +0 leather armour
rPois   .          Reflect  .   c - +0 helmet
rElec   .          Harm     .   o - +2 cloak
rCorr   .          Rampage  .   (no gloves)
Will    .....                   (no boots)
Stlth   +.........              (no amulet)
HPRegen 0.12/turn               e - ring of positive energy
MPRegen 0.28/turn               k - ring of magical power

@: no status effects
A: yellow scales 1, powered by pain 1, magic regeneration
a: no special abilities


You were on level 3 of the Dungeon.
You visited 1 branch of the dungeon, and saw 3 of its levels.

You collected 123 gold pieces.

Inventory:

Hand Weapons
 a - a +0 trident (weapon)
 q - the +7 hunting sling of Checkmate {vorpal, Fly Int+4}
   (You found it on level 3 of the Dungeon)

   Any ammunition fired from it inflicts extra damage upon your enemies.
   Int:       It affects your intelligence (+4).
   Fly:       It grants you flight.
Missiles
 d - 2 throwing nets (quivered)
 m - 7 poisoned darts
Armour
 b - a +0 leather armour (worn)
 c - a +0 helmet (worn)
 o - a +2 cloak (worn)
Jewellery
 e - a ring of positive energy (left hand)
 k - a ring of magical power (right hand)
Wands
 l - a wand of charming (1)
Scrolls
 f - a scroll of fear {unknown}
 g - 2 scrolls of identify {unknown}
 h - a scroll of fog {unknown}
 j - a scroll of torment {unknown}
Potions
 i - a potion of brilliance {unknown}
 n - 2 potions of flight {unknown}
 p - a potion of curing {unknown}


   Skills:
 + Level 4.4 Fighting
 - Level 3.0 Polearms
 + Level 1.8 Throwing
 - Level 3.0 Dodging
 - Level 1.0 Spellcasting


You had 5 spell levels left.
You didn't know any spells.
Your spell library contained the following spells:

 Spells                   Type           Power      Damage    Failure   Level
 Ozocubu's Armour         Ice            0%         N/A       80%         3
 Ozocubu's Refrigeration  Ice            0%         4d5       100%        7


Dungeon Overview and Level Annotations

Branches:
Dungeon (3/15)

Altars:


Innate Abilities, Weirdness & Mutations

You are partially covered in yellow scales. (AC +2)
You sometimes gain a little power by taking damage.
You regenerate magic rapidly.


Message History

The goblin barely misses you. The gnoll barely misses you.
You hit the gnoll but do no damage.
The gnoll is moderately wounded.
The goblin hits you with a +0 dagger. The gnoll hits you with a +0 flail.
A gnoll comes into view. It is wielding a +0 halberd.
The goblin hits you but does no damage.
You hit the gnoll but do no damage.
The gnoll is moderately wounded.
The gnoll closely misses you. The goblin hits you but does no damage.
You completely miss the gnoll.
The gnoll is moderately wounded.
The gnoll closely misses you. The giant cockroach barely misses you.
The goblin hits you but does no damage. The gnoll barely misses you.
You barely miss the gnoll.
The gnoll is moderately wounded.
The giant cockroach bites you. The goblin barely misses you.
The gnoll hits you with a +0 flail.
The giant cockroach bites you but does no damage.
You barely miss the gnoll.
The gnoll is moderately wounded.
The goblin barely misses you. The giant cockroach barely misses you.
The gnoll hits you but does no damage. The gnoll barely misses you.
You puncture the gnoll!
The gnoll is severely wounded.
The goblin hits you but does no damage. The giant cockroach misses you.
The gnoll hits you with a +0 flail.
The gnoll hits you from afar with a +0 halberd!
The goblin hits you with a +0 dagger.
The giant cockroach bites you but does no damage.
The giant cockroach misses you.
You barely miss the gnoll.
The gnoll is severely wounded.
The gnoll misses you. The gnoll barely misses you.
You barely miss the gnoll.
The gnoll is severely wounded.
The gnoll hits you with a +0 flail.
The gnoll hits you from afar with a +0 halberd.
* * * LOW HITPOINT WARNING * * *
The gnoll hits you with a +0 flail!
You die...

##.####..
####.......
#..............#
#.........#....###
#.......#.#......
.....
#....†g.#.#....#
#....
#gB.(.....####....
#g###.....#.......
#@#.......#.......
#......†..#.......
#...#....†#.......
#.###.....#.......
#.# #.....#.......
#....#>...........
####.######.......
.. #....... #..
#####...


You could see 2 gnolls, a giant cockroach and a goblin.

Vanquished Creatures
  Natasha (D:2)
  3 adders
  4 worms (D:2)
  A dart slug (D:3)
  4 ball pythons
  3 endoplasms
  2 giant cockroaches (D:3)
  8 goblins
  6 hobgoblins
  3 jackals (D:1)
  7 kobolds
  2 quokkas
  3 bats
  3 frilled lizards
  7 rats
57 creatures vanquished.

Notes
Turn   | Place    | Note
-------+----------+-------------------------------------------
     0 | D:1      | testman the Demonspawn Gladiator began the quest for the
                  | Orb.
     0 | D:1      | Reached XP level 1. HP: 16/16 MP: 1/1
     2 | D:1      | Noticed a demigod
     2 | D:1      | Noticed a ghoul
     4 | D:1      | Noticed a draconian
     4 | D:1      | Noticed a minotaur
     6 | D:1      | Noticed a troll
     8 | D:1      | Noticed a tengu
     8 | D:1      | Noticed a gargoyle
    10 | D:1      | Noticed a felid
    12 | D:1      | Noticed an elf
    14 | D:1      | Noticed a demonspawn
    16 | D:1      | Noticed an octopode
    16 | D:1      | Noticed a vampire
    18 | D:1      | Noticed a vine stalker
    20 | D:1      | Noticed a formicid
    20 | D:1      | Noticed an ogre
    22 | D:1      | Noticed a spriggan
    22 | D:1      | Noticed a human
    24 | D:1      | Noticed a dwarf
    24 | D:1      | Noticed a merfolk
    26 | D:1      | Noticed a naga
    82 | D:1      | Gained mutation: You are partially covered in yellow
                  | scales. (AC +2) [demonic ancestry]
    82 | D:1      | Reached XP level 2. HP: 3/23 MP: 2/2
   633 | D:1      | Found a faded altar of an unknown god.
   677 | D:1      | Reached skill level 3 in Fighting
  1279 | D:2      | Gained mutation: You regenerate magic rapidly. [demonic
                  | ancestry]
  1279 | D:2      | Reached XP level 3. HP: 29/29 MP: 3/3
  1772 | D:2      | Reached skill level 4 in Fighting
  2015 | D:2      | Gained mutation: You sometimes gain a little power by
                  | taking damage. [demonic ancestry]
  2015 | D:2      | Reached XP level 4. HP: 37/37 MP: 4/4
  2528 | D:2      | Noticed Natasha
  2533 | D:2      | Killed Natasha
  2772 | D:3      | Reached skill level 1 in Spellcasting
  2891 | D:3      | Identified the +7 hunting sling of Checkmate {vorpal, Fly
                  | Int+4}
  2928 | D:3      | Slain by a gnoll

Illustrated notes

Levels and vault maps discovered:
D:1:      kb_arrival_jail, layout_basic,
          hellmonk_ecumenical_altar_leap_of_faith, minmay_heptomino_d4
D:2:      layout_basic, minmay_misc_feat_pillars, uniq_natasha
D:3:      layout_basic, lemuel_flame_loot_1

Skill      XL: |  1  2  3  4 |
---------------+-------------+-----
Polearms       | 3 |  3.0
Fighting       | 3 4 |  4.4
Dodging        | 3 |  3.0
Spellcasting   | 1 |  1.0
Throwing       | |  1.8

Action                   |  1- 3 |  4- 6 || total
-------------------------+-------+-------++-------
Melee: Trident           |   136 |    74 ||   210
       Punch             |       |     1 ||     1
Throw: Throwing net      |     1 |       ||     1
  Use: Potion            |     2 |       ||     2
 Stab: Sleeping          |     1 |       ||     1
       Distracted        |       |     1 ||     1
Armor: Leather armour    |    37 |    22 ||    59
Dodge: Dodged            |    92 |    46 ||   138

Table legend: (Time is in decaauts)
 A = Elapsed time spent in this place.
 B = Non-inter-level travel time spent in this place.
 C = Inter-level travel time spent in this place.
 D = Time resting spent in this place.
 E = Time spent auto-exploring this place.
 F = Levels seen in this place.
 G = Mean time per level.
                   A        B        C        D        E       F      G
               +--------+--------+--------+--------+--------+-----+--------+
         Total |   2960 |   2846 |    114 |    666 |   1703 |   3 |  986.7 |
       Dungeon |   2960 |   2846 |    114 |    666 |   1703 |   3 |  986.7 |
               +--------+--------+--------+--------+--------+-----+--------+

Top non-repeatable levels by time:
     D:2: 1333 daAuts
     D:1: 1284 daAuts
     D:3: 342 daAuts
